 Dungeon Crawl Stone Soup version 0.28.0-47-ge53b351184 (webtiles) character file.

Game seed: 1072028079740368772

154 seaoflcl the Slasher (level 5, -6/41 HPs)
             Began as a Human Fighter on May 1, 2022.
             Killed by divine providence
             ... invoked by an orc priest
              (12 damage)
             ... on level 3 of the Dungeon.
             The game lasted 00:04:01 (2710 turns).

seaoflcl the Slasher (Human Fighter)                Turns: 2710, Time: 00:04:02

Health: -6/41      AC: 12    Str: 18    XL:     5   Next: 62%
Magic:  5/5        EV:  9    Int:  9    God:
Gold:   213        SH:  4    Dex: 12    Spells: 4/4 levels left

rFire   . . .      SeeInvis .   a - +0 long sword
rCold   . . .      Faith    .   c - +0 buckler
rNeg    . . .      Spirit   .   h - +0 plate armour
rPois   .          Reflect  .   (no helmet)
rElec   .          Harm     .   (no cloak)
rCorr   .          Rampage  .   (no gloves)
Will    .....                   o - +0 pair of boots
Stlth   ..........              (no amulet)
HPRegen 0.13/turn               e - +4 ring of evasion
MPRegen 0.09/turn               (no ring)

@: no status effects
A: no striking features
a: no special abilities


You were on level 3 of the Dungeon.
You visited 1 branch of the dungeon, and saw 3 of its levels.

You collected 213 gold pieces.

Inventory:

Hand Weapons
 a - a +0 long sword (weapon)
Armour
 c - a +0 buckler (worn)
 h - a +0 plate armour (worn)
 o - a +0 pair of boots (worn)
Jewellery
 e - a +4 ring of evasion (left hand)
Scrolls
 f - a scroll of noise {unknown}
 j - a scroll of enchant armour
 l - a scroll of fear
 m - a scroll of immolation
Potions
 b - a potion of ambrosia {unknown}
 d - 3 potions of might
 g - a potion of degeneration {unknown}
 i - 2 potions of attraction {unknown}
 k - a potion of cancellation {unknown}
 n - a potion of curing {unknown}


   Skills:
 - Level 3.0 Fighting
 * Level 5.4 Long Blades
 - Level 3.0 Armour
 - Level 3.0 Shields


You had 4 spell levels left.
You didn't know any spells.
Your spell library contained the following spells:

 Spells                   Type           Power      Damage    Failure   Level
 Freeze                   Ice            0%         1d3       100%        1
 Summon Small Mammal      Summ           0%         N/A       100%        1
 Call Canine Familiar     Summ           0%         N/A       100%        3
 Frozen Ramparts          Ice            0%         1d2       100%        3
 Summon Guardian Golem    Hex/Summ       0%         N/A       100%        3
 Hailstorm                Conj/Ice       0%         3d3       100%        4


Dungeon Overview and Level Annotations

Branches:
Dungeon (3/15)

Altars:


Message History

There is an open door here.
There is an open door here.
Items here: ( )) †.
Items here: ))))) ††.
There is an open door here.
An orc wizard comes into view. It is wielding a +0 dagger.
Found a stone staircase leading up.
The orc wizard moves out of view. 2 orcs come into view.
The orc shouts! x2; You hear a shout!
The orc wizard gestures at you while chanting.
You resist with some effort.
An orc comes into view. It is wielding a +0 dagger.
The orc shouts!
You hear a shout!
The orc wizard points at you and mumbles some strange words.
You are confused.
You slash the orc wizard!
The orc wizard is heavily wounded.
The orc wizard gestures at you while chanting.
The magic dart hits you.
An orc priest comes into view. It is wielding a +0 club.
The orc barely misses you.
You bump into the rock wall.
The orc wizard hits you with a +0 dagger.
The orc barely misses you.
You bump into the rock wall.
The orc hits you but does no damage.
The orc throws a boomerang.
The boomerang hits you but does no damage.
The orc priest calls down the wrath of Beogh upon you.
Beogh smites you!
You bump into the rock wall.
You feel less confused. The orc hits you but does no damage.
The orc wizard hits you but does no damage.
The orc hits you but does no damage.
The orc priest invokes the aid of Beogh against you.
Beogh smites you!
* * * LOW HITPOINT WARNING * * *
The orc priest calls down the wrath of Beogh upon you.
Beogh smites you!
You die...

# #.##.# #.###.###..#
# #.##.## #.####...#.#
# #.##..###
#..........# #
#.#.....###.(#########
# #...#'#..##..# #
##..##)##.##..# #
##...#.).#.....# #
#))####'####...#
###)##.#...#.##.@#
....#..'...'..#..#
###.##.#...#.##oo#
#..####'####..o#
##...#...#..o#.#
...##.##.....#
.#..###...o..#
.[......<###.# .#
###.#. #.#


You could see an orc priest, an orc wizard and 3 orcs.

Vanquished Creatures
  A phantom (D:3)
  9 orcs (D:3)
  3 bats
  3 endoplasms (D:1)
  A giant cockroach (D:2)
  13 goblins
  10 hobgoblins
  3 jackals (D:1)
  6 kobolds
  A quokka (D:2)
  6 ball pythons
  3 frilled lizards
  5 rats
64 creatures vanquished.

Vanquished Creatures (others)
  6 plants (D:1)
6 creatures vanquished.

Grand Total: 70 creatures vanquished

Notes
Turn   | Place    | Note
-------+----------+-------------------------------------------
     0 | D:1      | seaoflcl the Human Fighter began the quest for the Orb.
     0 | D:1      | Reached XP level 1. HP: 18/18 MP: 1/1
   207 | D:1      | Reached XP level 2. HP: 22/24 MP: 2/2
   384 | D:1      | Found a faded altar of an unknown god.
   557 | D:1      | Reached skill level 3 in Long Blades
   913 | D:1      | Reached XP level 3. HP: 29/29 MP: 3/3
  2022 | D:3      | Reached skill level 4 in Long Blades
  2022 | D:3      | Reached XP level 4. HP: 35/35 MP: 4/4
  2243 | D:3      | Noticed a phantom
  2259 | D:3      | Killed a phantom
  2260 | D:3      | Reached skill level 5 in Long Blades
  2260 | D:3      | Reached XP level 5. HP: 25/41 MP: 5/5
  2710 | D:3      | Killed from afar by an orc priest

Illustrated notes

Levels and vault maps discovered:
D:1:      lightli_molten_gateway, layout_loops_ring, serial_forest,
          infiniplex_forest_zigzag_1, infiniplex_forest_clump_double,
          infiniplex_forest_clump_small, infiniplex_forest_clump_double,
          hellmonk_ecumenical_altar_lost_god, chequers_serial_rivers_micro_a,
          minmay_split_cup_large
D:2:      minmay_spotlight, layout_loops_ring
D:3:      cheibrodos_greedy_goblins, layout_loops_ring

Skill      XL: |  1  2  3  4 |
---------------+-------------+-----
Long Blades    | 3 4 5 |  5.4
Fighting       | |  3.0
Armour         | |  3.0
Shields        | |  3.0

Action                   |  1- 3 |  4- 6 || total
-------------------------+-------+-------++-------
Melee: Long sword        |    99 |    69 ||   168
  Use: Scroll            |     4 |       ||     4
Armor: Scale mail        |     8 |       ||     8
       Plate armour      |    34 |    40 ||    74
Dodge: Dodged            |    41 |    31 ||    72
Block: Buckler           |    22 |    16 ||    38
